 Dungeon Crawl Stone Soup version 0.31-a0-620-gd1cbd99268 (webtiles) character file.

Game seed: 11027159772125821743

415702 LobsterGuardian the Demonologist (level 23, -1/198 HPs)
             Began as a Merfolk Summoner on Aug 20, 2023.
             Was an Initiate of Yredelemnul.
             Slain by a vault guard
             ... wielding a +3 great sword
              (16 damage)
             ... on level 5 of the Vaults on Aug 23, 2023.
             The game lasted 04:54:29 (71522 turns).

LobsterGuardian the Demonologist (MfSu)            Turns: 71522, Time: 04:54:29

Health: -1/198     AC: 22    Str: 18    XL:     23   Next: 60%
Magic:  50/50      EV: 22    Int: 22    God:    Yredelemnul [......]
Gold:   3010       SH: 17    Dex: 23    Spells: 7/50 levels left

rFire   + + +        k - +9 demon trident (flame)
rCold   + . .        H - +4 kite shield {reflect}
rNeg    + + .        Q - +5 scale mail of Beyond {rElec Int+6}
rPois   +            f - +2 helmet {SInv}
rElec   +            q - +1 cloak of Benevolence {rC+ Str+3 Stlth+}
rCorr   +            g - +1 pair of gloves "Feofet" {Will+ Str+4}
SInv    +            L - +2 pair of boots {Fly}
Will    ++...        m - dreamdust necklace {Acrobat}
Stlth   ++           T - ring of protection from fire
HPRegen 0.53/turn    a - ring "Nuighoeq" {Fire rN++ MP+9}
MPRegen 0.32/turn

%: reflection, acrobat
@: resistant, forested, flying
A: (nimble swimmer 2), mertail, agile 1, poison resistance
}: 2/15 runes: decaying, gossamer
a: Renounce Religion, Recall Undead Harvest


You were on level 5 of the Vaults.
You worshipped Yredelemnul.
Yredelemnul was noncommittal.
You visited 9 branches of the dungeon, and saw 43 of its levels.
You also visited: Sewer and Desolation.

You collected 4832 gold pieces.
You spent 1822 gold pieces at shops.

Inventory:

Hand Weapons
 k - a +9 demon trident of flaming (weapon)
Armour
 f - a +2 helmet of see invisible (worn)
 g - the +1 pair of gloves "Feofet" (worn) {Will+ Str+4}
   (You acquired it on level 4 of the Spider Nest)

   Str+4:     It affects your strength (+4).
   Will+:     It increases your willpower.
 q - the +1 cloak of Benevolence (worn) {rC+ Str+3 Stlth+}
   (You found it on level 2 of the Dungeon)

   Str+3:     It affects your strength (+3).
   rC+:       It protects you from cold.
   Stlth+:    It makes you more stealthy.
 H - a +4 kite shield of reflection (worn)
 L - a +2 pair of boots of flying (worn)
 Q - the +5 scale mail of Beyond (worn) {rElec Int+6}
   (You found it on level 3 of the Elven Halls)

   Int+6:     It affects your intelligence (+6).
   rElec:     It insulates you from electricity.
Jewellery
 a - the ring "Nuighoeq" (right hand) {Fire rN++ MP+9}
   (You bought it in a shop on level 3 of the Elven Halls)

   [ring of fire]

   Fire:      It enhances your fire magic.
   rF+:       It protects you from fire.
   rC-:       It makes you vulnerable to cold.
   rN++:      It greatly protects you from negative energy.
   MP+9:      It affects your magic capacity (+9).
 m - the dreamdust necklace (around neck) {Acrobat}
   (You took it off an orc on level 8 of the Dungeon)

   [amulet of the acrobat]

   Acrobat:   It increases your evasion while moving and waiting.
 s - a ring of fire
 u - the ring "Equawk" {Will+ Str+3 Slay+2}
   (You found it on level 2 of the Lair of Beasts)

   [ring of willpower]

   Str+3:     It affects your strength (+3).
   Slay+2:    It affects your accuracy & damage with ranged weapons and melee
   (+2).
   Will+:     It increases your willpower.
 x - a ring of see invisible
 C - a ring of ice
 N - the ring "Essafful" {rC+ Str+6 Int-2}
   (You found it in the Desolation of Salt)

   [ring of protection from cold]

   Str+6:     It affects your strength (+6).
   Int-2:     It affects your intelligence (-2).
   rC+:       It protects you from cold.
 O - a ring of wizardry
 R - a +6 ring of dexterity
 T - a ring of protection from fire (left hand)
 Y - a +6 ring of dexterity
 Z - the ring "Qaxis" {rElec rPois rC+ Str+6}
   (You found it on level 4 of the Swamp)

   [ring of strength]

   Str+6:     It affects your strength (+6).
   rC+:       It protects you from cold.
   rElec:     It insulates you from electricity.
   rPois:     It protects you from poison
Wands
 c - a wand of flame (47)
 e - a wand of polymorph (8)
 o - a wand of iceblast (45)
 w - a wand of light (23)
 I - a wand of charming (49)
 S - a wand of mindburst (6)
 X - a wand of digging (3)
Scrolls
 h - a scroll of enchant armour
 l - 5 scrolls of revelation
 p - 8 scrolls of poison
 r - 8 scrolls of immolation
 v - 4 scrolls of silence
 y - 8 scrolls of amnesia
 E - 5 scrolls of teleportation
 F - a scroll of blinking
 G - 5 scrolls of fear
 K - a scroll of summoning
 M - 5 scrolls of vulnerability
 V - a scroll of fog
Potions
 b - 6 potions of magic
 d - 4 potions of brilliance
 i - 14 potions of lignification
 j - 5 potions of enlightenment
 n - 5 potions of resistance
 t - 2 potions of attraction
 z - 7 potions of curing
 A - 8 potions of mutation
 B - 2 potions of cancellation
 J - 4 potions of haste
 P - 2 potions of ambrosia


   Skills:
 + Level 20.6 Fighting
 - Level 0.3(0.4) Maces & Flails
 - Level 19.9(20.0) Polearms
 - Level 0.2(8.6) Staves
 - Level 3.0 Armour
 + Level 19.4 Dodging
 - Level 3.0 Stealth
 - Level 9.0 Shields
 - Level 14.0 Spellcasting
 - Level 3.0 Hexes
 * Level 23.9 Summonings
 * Level 5.4 Translocations
 - Level 3.0 Air Magic
 + Level 2.3 Earth Magic
 - Level 4.0 Invocations


You had 7 spell levels left.
You knew the following spells:

 Your Spells              Type           Power      Damage    Failure   Level
a - Summon Small Mammal   Summ           100%       N/A       0%          1
b - Call Imp              Summ           100%       N/A       0%          2
c - Call Canine Familiar  Summ           88%        N/A       0%          3
d - Summon Guardian Gole  Hex/Summ       66%        N/A       1%          3
e - Summon Lightning Spi  Summ/Air       65%        N/A       1%          4
f - Necrotise             Necr           60%        1d7       26%         1
g - Animate Armour        Summ/Erth      100%       N/A       1%          4
h - Summon Cactus Giant   Summ           44%        N/A       1%          6
i - Summon Hydra          Summ           44%        N/A       1%          7
j - Summon Forest         Summ/Tloc      34%        N/A       1%          5
k - Malign Gateway        Summ/Tloc      34%        N/A       47%         7

Your spell library contained the following spells:

 Spells                   Type           Power      Damage    Failure   Level
 Summon Mana Viper        Hex/Summ       66%        N/A       2%          5
 Slow                     Hex            100%       N/A       8%          1
 Gell's Gravitas          Tloc           39%        N/A       9%          3
 Teleport Other           Tloc           39%        N/A       9%          3
 Portal Projectile        Hex/Tloc       68%        N/A       14%         3
 Poisonous Vapours        Pois/Air       44%        N/A       22%         2
 Static Discharge         Conj/Air       44%        2-4/arc   22%         2
 Confusing Touch          Hex            28%        N/A       22%         3
 Tukima's Dance           Hex            28%        N/A       22%         3
 Freeze                   Ice            60%        1d7       26%         1
 Kiss of Death            Conj/Necr      60%        2d10      26%         1
 Sting                    Tmut/Pois      60%        1d6       26%         1
 Cigotuvi's Dreadful Rot  Necr/Pois/Air  38%        N/A       26%         2
 Scorch                   Fire           46%        2d6       36%         2
 Sublimation of Blood     Necr           15%        N/A       36%         2
 Wereblood                Tmut           15%        N/A       36%         2
 Inner Flame              Hex/Fire       33%        N/A       38%         3
 Frozen Ramparts          Ice            30%        1d5       61%         3
 Hailstorm                Conj/Ice       15%        3d5       61%         3
 Ignite Poison            Fire/Tmut/Pois 23%        N/A       61%         3
 Ozocubu's Armour         Ice            15%        N/A       61%         3
 Vampiric Draining        Necr           15%        2d7       61%         3
 Iskenderun's Mystic Bla  Conj/Tloc      27%        2d7       65%         4
 Petrify                  Tmut/Erth      20%        N/A       85%         4
 Haunt                    Necr/Summ      31%        N/A       85%         7
 Spellforged Servitor     Conj/Summ      31%        N/A       86%         7
 Dispel Undead            Necr           15%        3d10      95%         4
 Flame Wave               Conj/Fire      23%        2d8       95%         4
 Olgreb's Toxic Radiance  Pois           15%        N/A       95%         4
 Sticky Flame             Conj/Fire      23%        2d4       95%         4
 Lee's Rapid Deconstruct  Erth           12%        3d9*      95%         5
 Metabolic Englaciation   Hex/Ice        11%        N/A       98%         5
 Yara's Violent Unravell  Hex/Tmut       11%        3d6       98%         5
 Borgnjor's Vile Clutch   Necr/Erth      10%        N/A       99%         5
 Freezing Cloud           Conj/Ice/Air   9%         6-21      99%         5
 Dispersal                Tloc           19%        N/A       99%         6
 Agony                    Necr           15%        N/A       100%        5
 Alistair's Intoxication  Tmut/Pois      10%        N/A       100%        5
 Fireball                 Conj/Fire      11%        3d7       100%        5
 Iskenderun's Battlesphe  Conj           15%        2d7       100%        5
 Conjure Ball Lightning   Conj/Air       11%        3x3d6     100%        6
 Eringya's Noxious Bog    Tmut/Pois      7%         4d6       100%        6
 Plasma Beam              Fire/Air       16%        2x1d28    100%        6
 Enfeeble                 Hex            14%        N/A       100%        7
 Orb of Destruction       Conj           7%         9d6       100%        7
 Ozocubu's Refrigeration  Ice            7%         4d9       100%        7
 Borgnjor's Revivificati  Necr           7%         N/A       100%        8
 Disjunction              Tloc           19%        N/A       100%        8
 Ignition                 Fire           11%        3d5       100%        8
 Infestation              Necr           7%         N/A       100%        8
 Chain Lightning          Conj/Air       11%        3d14      100%        9
 Fire Storm               Conj/Fire      11%        8d3       100%        9
 Shatter                  Erth           12%        3d13*     100%        9
 Animate Dead             Necr           Unusable   N/A       N/A         4

Dungeon Overview and Level Annotations

Branches:
Dungeon (15/15)            Temple (1/1) D:7            Lair (5/5) D:11
  Swamp (4/4) Lair:3       Spider (4/4) Lair:2        Slime (0/5) Lair:5
    Orc (2/2) D:9             Elf (3/3) Orc:2        Vaults (5/5) D:14
  Crypt (0/3) Vaults:2     Depths (4/4) D:15            Zot (0/5) Depths:4
  Sewer (visited)         Desolation (visited)

Altars:
Ashenzari
Cheibriados
Dithmenos
Elyvilon
Fedhas
Gozag
Hepliaklqana
Kikubaaqudgha
Makhleb
Nemelex Xobeh
Okawaru
Qazlal
Ru
Sif Muna
Trog
Uskayaw
Vehumet
Wu Jian
Xom
Yredelemnul
Zin
The Shining One
Jiyva

Shops:
D:12 =   Orc:2 (([*!   Elf:2 =   Elf:3 =   Vaults:4 (   Depths:3 *

Portals:
Hell: Depths:1 Depths:2 Depths:3 Depths:4
Abyss: Depths:3
Pandemonium: Depths:1 Depths:2 Depths:4
Ziggurat: Depths:4
Trove: Vaults:2 (give +4 ice dragon scales)

Annotations:
Swamp:2 2 transporters, Xonepos's ghost, adept MiFi
Spider:1 Arachne
Orc:2 2 transporters, soul19's ghost, journeyman DsMo
Depths:2 exclusions: 2 Tzitzimimeh and 7 more exclusions


Innate Abilities, Weirdness & Mutations

((You are very nimble when in or above water. (Stealth+, EV+, Speed+++)))
Your lower body shifts to a powerful aquatic tail in water.
You are agile. (Dex +4, Str/Int -1)
Your system is resistant to poisons. (rPois)


Message History

The vault guard completely misses you.
The vault guard splashes around in the water.
The vault guard hits you but does no damage.
The vault guard is engulfed in blazing flames.
Flame seeps out of the vault guard.
The vault guard barely misses you. The vault guard completely misses you.
The vault guard misses you.
The vault guard hits you but does no damage. x2
Unknown command.
Unknown command.
You completely miss the vault guard.
The vault guard is almost dead.
A necromancer comes into view. It is wielding a +0 dagger of venom.
The vault guard hits you from afar with a +0 halberd.
* * * LOW HITPOINT WARNING * * *
The vault guard hits you with a +2 great sword of electrocution!
* * * LOW HITPOINT WARNING * * *
The vault guard hits you from afar with a +3 glaive.
* * * LOW HITPOINT WARNING * * *
The vault guard barely misses you.
The vault guard hits you but does no damage.
The vault guard splashes around in the water.
The vault guard hits you with a +0 war axe!
* * * LOW HITPOINT WARNING * * *
The vault guard hits you from afar with a +0 bardiche.
* * * LOW HITPOINT WARNING * * *
The vault guard hits you with a +0 battleaxe!
Your necklace shatters, unleashing a wave of protective dreams!
You see a puff of smoke.
You dream of life, friendship, and clouds.
The vault guard hits you with a +3 great sword!!
You feel better.
You feel less invigorated.
Your cyclops changes into a death drake!
The vault guard is engulfed in blazing flames.
Flame seeps out of the vault guard.
The vault guard splashes around in the water.
The vault guard closely misses you.
The vault guard hits your death drake with a +0 war axe!!
The vault guard hits you with a +3 great sword!
You die...
Your body rises from the dead as a mindless zombie.

##. #....#...
#..##.$♣...♣.
..♣#........
..cpc......
###♣#.ppcc.....
...~~DDppQp....
..~.~pppppp....
.♣~≈≈≈p@ppp....
..~≈~kpppp.....
#♣#♣♣~pppp.♣.♣#
....p.C.....
....#....♣.♣.
......♣....♣ ..
.....##....♣ ♣
..... ♣....♣


You could see a golden dragon (inner flame), a quicksilver dragon, a vault
warden, a tengu reaver (inner flame), 19 vault guards, an ettin, a yaktaur and a
friendly death drake shaped shifter (summoned).

Vanquished Creatures
  Boris (Depths:3)
  A bone dragon (Depths:4)
  A lich (Depths:1)
  A tentacled monstrosity (Depths:3)
  A walking earthen tome (Depths:3)
  A deep elf blademaster (Elf:2)
  2 deep elf master archers (Elf:3)
  2 eldritch tentacles
  Kirke (Lair:3)
  A shadow dragon (Depths:4)
  2 tengu reavers (Depths:3)
  A storm dragon (Depths:4)
  A fenstrider witch (Swamp:1)
  2 draconian monks (Depths:4)
  A frost giant (Depths:2)
  A deep elf sorcerer (Elf:3)
  A draconian shifter (Depths:4)
  2 ghost moths
  An emperor scorpion (Spider:4)
  8 vault wardens
  A formless jellyfish (Vaults:3)
  3 deep elf elementalists (Elf:3)
  3 orc warlords
  8 ironbound preservers
  7 stone giants
  3 broodmothers
  3 very ugly things
  3 vampire knights
  2 deep elf demonologists (Elf:3)
  2 eleionomae
  4 ironbound thunderhulks
  3 bunyips
  A dire elephant (shapeshifter) (Vaults:4)
  13 deep elf annihilators
  A white draconian (Depths:4)
  A spark wasp (Depths:3)
  2 deep elf death magi (Elf:3)
  A crystal guardian (Desolation)
  A blizzard demon (Depths:4)
  A green death (Depths:1)
  8 ragged hierophants (Desolation)
  2 yaktaur captains
  A jiangshi (Depths:3)
  4 great orbs of eyes
  A deep elf high priest (Elf:3)
  2 ettins
  2 fire dragons
  An entropy weaver (Spider:2)
  2 servants of whispers (Desolation)
  6 peacekeepers
  6 vault guards
  8 hydras
  The ghost of bmack86 the Severer, a journeyman MiFi of Okawaru (Lair:1)
  2 ice dragons
  A spriggan air mage (Depths:4)
  A catoblepas (Lair:5)
  8 centaur warriors
  2 alligators (Swamp:3)
  An ironbound frostheart (Vaults:4)
  19 dancing weapons
  A radroach (Spider:1)
  2 boulder beetles
  3 demonic crawlers
  4 two-headed ogres
  2 deep troll earth magi
  A deep troll shaman (Depths:4)
  3 death yaks (Lair:5)
  2 vampire magi
  3 spriggan berserkers
  3 hell knights
  17 deep elf knights
  A sun demon (Depths:2)
  3 skeletal warriors
  4 goliath frogs
  30 deep trolls
  5 pharaoh ants
  A spriggan rider (Swamp:1)
  3 swamp dragons (Swamp:4)
  3 bog bodies
  A shadow demon (Depths:2)
  6 glowing orange brains
  A spriggan druid (Swamp:3)
  2 flayed ghosts
  3 orb spiders
  A phantasmal warrior (Vaults:2)
  11 ironbound convokers
  2 steelbarb worms
  5 wizards
  16 deep elf pyromancers
  An orc knight (Vaults:4)
  A lindwurm (Vaults:2)
  6 deep elf archers
  An orange crystal statue (Depths:1)
  17 deep elf zephyrmancers
  A harpy (Vaults:3)
  A necromancer (D:15)
  3 orc sorcerers
  A mana viper (shapeshifter) (Depths:3)
  10 wolf spiders
  A salamander (shapeshifter) (Elf:1)
  9 ugly things
  3 manticores
  A cyclops (D:8)
  8 elephants
  A will-o-the-wisp (Lair:3)
  3 smoke demons (Depths:2)
  A rust devil (Depths:1)
  2 orange demons (Depths:1)
  4 molten gargoyles
  2 gargoyles (D:13)
  A black mamba (Lair:5)
  2 torpor snails
  6 cane toads
  7 vault sentinels
  6 guardian serpents
  A cane toad (shapeshifter) (Elf:2)
  Psyche (D:11)
  2 unseen horrors
  A spriggan zombie (D:15)
  7 yaktaurs
  A kobold demonologist (D:13)
  2 komodo dragons (Lair:1)
  2 guardian mummies (D:15)
  An ice devil (Depths:1)
  2 red devils
  6 trolls
  4 meliai (D:14)
  2 polar bears (Lair:5)
  3 tyrant leeches (Swamp:4)
  2 hornets
  A queen bee (shapeshifter) (Elf:1)
  3 hellwings
  6 tarantellas
  6 blink frogs
  57 saltlings
  An ettin zombie (D:15)
  A dream sheep (Lair:5)
  7 jumping spiders
  15 slime creatures
  8 spriggans
  A ynoxinul (Depths:4)
  2 air elementals
  4 wyverns
  6 culicivoras
  6 shadows
  6 water elementals
  5 wraiths
  15 yaks
  A basilisk (shapeshifter) (Elf:1)
  A basilisk (Lair:1)
  Grum (D:10)
  A neqoxec (Depths:2)
  18 redbacks
  4 fire elementals
  3 chaos spawn
  A steam dragon (D:9)
  2 wargs
  3 acid dragons
  4 swamp worms
  5 water moccasins
  14 nameless horrors
  A floating eye (Depths:3)
  2 black bears
  A swamp drake (Swamp:4)
  18 orc warriors
  A sky beast (D:8)
  3 ogres
  A centaur (D:9)
  16 wolves
  2 kobold brigands
  A phantom (D:4)
  6 bullfrogs
  An earth elemental (Elf:2)
  A gnoll sergeant (D:8)
  2 wights (D:6)
  A troll zombie (Orc:2)
  11 killer bees
  4 electric eels (D:6)
  A gnoll bouda (D:8)
  4 jellies (Lair:5)
  17 orc priests
  A sleepcap (D:5)
  3 iguanas
  14 orc wizards
  3 hell rats (Lair:3)
  7 adders
  3 white imps
  2 orc zombies (Orc:2)
  A dart slug (D:2)
  54 orcs
  4 ball pythons
  5 giant cockroaches
  6 goblins
  3 hobgoblins
  A jackal (D:2)
  3 quokkas
  6 bats
  3 frilled lizards (Sewer)
  4 kobolds
  9 rats
882 creatures vanquished.

Vanquished Creatures (collateral kills)
  Margery (Vaults:3)
  A caustic shrike (Depths:3)
  Nikola (Swamp:4)
  Jorgrun (Spider:2)
  Mlioglotl (Spider:1)
  A lich (Depths:3)
  2 titans
  2 deep elf blademasters (Elf:3)
  A deep elf master archer (Elf:3)
  2 eldritch tentacles
  A shadow dragon (Depths:4)
  A thorn hunter (Swamp:4)
  A tengu reaver (Vaults:3)
  2 fire giants
  3 emperor scorpions
  3 frost giants
  A balrug (Depths:2)
  3 deep elf sorcerers
  4 vault wardens
  2 deep elf elementalists (Elf:3)
  4 very ugly things
  8 ironbound preservers
  6 ironbound thunderhulks
  7 broodmothers
  A spriggan defender (Depths:3)
  2 orc warlords (Orc:2)
  A deep elf demonologist (Elf:3)
  A stone giant (Depths:4)
  A vampire knight (Depths:3)
  A formless jellyfish (Vaults:1)
  A deep elf annihilator (Elf:3)
  2 spark wasps
  Nessos (Lair:4)
  2 black draconians (Depths:4)
  A purple draconian (Depths:4)
  2 halazid warlocks (Desolation)
  4 dire elephants
  3 bunyips
  4 ettins
  An eidolon (Vaults:2)
  A fire dragon (Depths:4)
  The ghost of jasper the Placeless Spriggan, a journeyman SpEE of Ashenzari (Lair:3)
  A crystal guardian (Desolation)
  3 yaktaur captains
  2 great orbs of eyes
  6 ragged hierophants (Desolation)
  2 deep elf high priests (Elf:3)
  17 hydras
  6 vault guards
  The ghost of Jiolyugh the Geomancer, a journeyman GrEE of Qazlal (D:14)
  3 entropy weavers
  A rakshasa (Depths:1)
  A jorogumo (Spider:2)
  Erolcha (D:11)
  2 peacekeepers (Desolation)
  7 alligators
  An ogre mage (D:15)
  3 ironbound frosthearts
  5 servants of whispers (Desolation)
  3 boulder beetles
  4 centaur warriors
  A death knight (D:14)
  3 tengu warriors
  Erica (D:11)
  3 dancing weapons (Elf:2)
  4 radroaches
  2 two-headed ogres (D:15)
  A catoblepas (Lair:4)
  A deep troll shaman (Lair:5)
  An orc high priest (Orc:2)
  A demonic crawler (Spider:2)
  Urug (D:13)
  A death yak (Lair:5)
  7 hell knights
  2 soul eaters (Depths:1)
  2 deep elf knights (Elf:2)
  Sonja (D:11)
  5 skeletal warriors
  5 pharaoh ants
  3 sun moths (Spider:1)
  4 goliath frogs
  A skyshark (Lair:2)
  3 spriggan riders
  8 orb spiders
  4 spriggan druids
  5 nameless horrors
  6 swamp dragons
  3 deep elf archers (Elf:2)
  2 glowing orange brains
  4 steelbarb worms
  2 phantasmal warriors (Depths:4)
  9 lindwurms
  17 deep trolls
  5 bog bodies
  A necromancer (Vaults:3)
  10 deep elf zephyrmancers
  9 ironbound convokers
  4 orc knights
  An orc sorcerer (Orc:2)
  8 deep elf pyromancers
  10 ugly things
  4 will-o-the-wisps
  2 cyclopes
  A manticore (D:13)
  19 wolf spiders
  2 moths of wrath
  A centaur zombie (Vaults:2)
  7 elephants
  A fire giant skeleton (D:15)
  Maurice (D:8)
  4 vault sentinels
  Joseph (D:8)
  A molten gargoyle (D:15)
  A guardian serpent (Desolation)
  2 torpor snails
  6 cane toads
  A kobold demonologist (D:13)
  A spriggan zombie (D:15)
  A rime drake (Lair:3)
  11 yaktaurs
  2 komodo dragons
  A tengu conjurer (D:13)
  A redback zombie (Spider:2)
  2 trolls
  3 meliai
  2 polar bears (Lair:5)
  6 tyrant leeches
  21 saltlings (Desolation)
  3 hornets
  16 tarantellas
  A wolf spider simulacrum (D:15)
  10 blink frogs
  A tarantella zombie (Spider:2)
  3 dream sheep (Lair:5)
  20 jumping spiders
  18 slime creatures
  2 centaur simulacra
  6 culicivoras
  4 spriggans
  25 yaks
  A hog (Lair:3)
  3 wyverns
  2 fire elementals
  46 redbacks
  2 basilisks
  8 vampire mosquitoes
  4 wargs
  8 swamp worms
  8 water moccasins
  18 orc warriors
  A black bear (Lair:5)
  7 swamp drakes (Swamp:4)
  A black bear (shapeshifter) (Elf:1)
  A sky beast (D:6)
  4 ogres
  17 wolves
  3 centaurs
  2 boggarts (Elf:1)
  4 bullfrogs
  3 scorpions
  2 wights
  A killer bee (D:8)
  3 electric eels
  3 hounds
  14 jellies
  9 orc priests
  An iguana (D:5)
  7 orc wizards
  3 hell rats (Lair:3)
  7 gnolls
  9 adders
  2 river rats (Sewer)
  An ufetubus (D:6)
  An orc zombie (Orc:2)
  4 worms
  A dart slug (D:4)
  49 orcs
  4 endoplasms
  A giant cockroach (D:1)
  7 goblins
  5 hobgoblins
  3 jackals (D:2)
  2 quokkas (D:2)
  3 ball pythons
  2 bats
  4 frilled lizards
  5 kobolds
  5 rats
834 creatures vanquished.

Vanquished Creatures (others)
  5 eldritch tentacles
  A caustic shrike zombie (Depths:3)
  A vampire knight (Depths:4)
  A deep elf demonologist (Elf:3)
  4 very ugly thing zombies
  A vault guard (D:14)
  A spectral dire elephant (Elf:1)
  spectral Mlioglotl (Spider:1)
  A boulder beetle (D:8)
  A tengu warrior (D:13)
  A vampire mage (Vaults:2)
  A centaur warrior (D:8)
  A hell knight (Depths:4)
  An emperor scorpion zombie (Spider:1)
  A spark wasp zombie (Depths:3)
  A deep troll (shapeshifter) (D:11)
  2 skeletal warriors
  A deep elf archer (Elf:1)
  5 ugly thing zombies
  3 broodmother zombies
  A frost giant zombie (Depths:4)
  A goliath frog zombie (Swamp:3)
  A deep elf zephyrmancer (Elf:1)
  An eleionoma zombie (Swamp:4)
  6 wolf spider zombies
  A cyclops (D:11)
  2 alligator zombies
  A spectral blizzard demon (Depths:4)
  A stone giant zombie (Depths:4)
  A manticore (D:13)
  A spectral boulder beetle (D:8)
  A gargoyle (D:12)
  A spectral soul eater (Depths:1)
  2 steelbarb worm zombies (Spider:4)
  A death yak zombie (Lair:5)
  7 yaktaur zombies
  A tengu conjurer (Depths:2)
  4 orb spider zombies
  25 redback zombies
  A bloated husk (Swamp:2)
  9 hydra zombies
  A hornet (D:8)
  A tarantella (Spider:3)
  2 sun moth zombies (Spider:1)
  11 jumping spider zombies
  3 meliai zombies (D:14)
  3 great orb of eyes zombies
  2 ettin zombies
  2 culicivora zombies
  3 boulder beetle zombies
  5 guardian serpent zombies (Desolation)
  10 tarantella zombies
  4 radroach zombies
  2 fire dragon zombies
  A black mamba zombie (Lair:5)
  A culicivora (Spider:1)
  An air elemental (Elf:1)
  A wyvern (D:8)
  5 spriggan zombies
  10 slime creature zombies
  3 yaks
  A human (Lair:3)
  A redback (Spider:1)
  2 tyrant leech zombies (Swamp:4)
  2 wargs (D:11)
  4 two-headed ogre zombies
  18 deep troll zombies
  2 entropy weaver zombies
  A spectral red devil (Depths:4)
  7 cane toad zombies
  A spectral smoke demon (Depths:2)
  2 water moccasins (D:8)
  21 elf zombies
  8 elephant zombies
  5 swamp dragon zombies (Swamp:4)
  A spectral wyvern (Lair:5)
  3 hornet zombies
  2 dream sheep zombies (Lair:5)
  4 blink frog zombies
  5 lindwurm zombies
  3 wolves
  An ogre (D:4)
  A torpor snail zombie (Spider:4)
  A vampire mosquito zombie (Swamp:2)
  2 spectral chaos spawn
  A spectral ynoxinul (Depths:4)
  A hog zombie (Lair:3)
  A spectral neqoxec (Depths:2)
  A komodo dragon zombie (Lair:4)
  5 water moccasin zombies
  4 cyclops zombies
  A wight (D:7)
  3 wyvern zombies
  4 warg zombies
  35 human zombies
  2 polar bear zombies (Lair:5)
  3 tengu zombies
  14 yak zombies
  2 killer bees
  2 troll zombies (D:11)
  17 wolf zombies
  4 bullfrog zombies
  8 centaur zombies
  A sleepcap (D:4)
  A boggart zombie (Elf:1)
  3 orc wizards
  3 killer bee zombies
  3 kobold zombies
  7 ogre zombies
  An acid dragon zombie (D:12)
  3 hell rat zombies (Lair:3)
  2 gnoll zombies
  3 swamp drake zombies (Swamp:4)
  An ufetubus (D:5)
  7 jelly zombies
  A spectral white imp (D:8)
  4 orcs
  74 orc zombies
  15 foxfires
  10 snaplasher vines
519 creatures vanquished.

Grand Total: 2235 creatures vanquished

Notes
Turn   | Place    | Note
-------+----------+-------------------------------------------
     0 | D:1      | LobsterGuardian the Merfolk Summoner began the quest for
                  | the Orb.
     0 | D:1      | Reached XP level 1. HP: 13/13 MP: 3/3
   102 | D:1      | Reached XP level 2. HP: 19/19 MP: 1/5
   826 | D:1      | Learned a level 2 spell: Call Imp
   968 | D:1      | Reached XP level 3. HP: 24/24 MP: 6/6
   972 | D:1      | Learned a level 3 spell: Call Canine Familiar
  1332 | D:2      | Found an ancient bone altar of Kikubaaqudgha.
  1839 | D:2      | Reached XP level 4. HP: 7/31 MP: 0/7
  1936 | D:2      | Found a faded altar of an unknown god.
  2268 | D:2      | Identified the +1 cloak of Benevolence {rC+ Str+3 Stlth+}
  2520 | D:3      | Found a radiant altar of Vehumet.
  2556 | D:3      | Identified the +4 arbalest "Qial" {heavy, *Slow rPois Str+4
                  | Int+3}
  2837 | D:3      | Reached XP level 5. HP: 23/36 MP: 1/8
  2839 | D:3      | Reached skill level 5 in Summonings
  2995 | D:3      | Found a glowing drain.
  3020 | Sewer    | Entered a sewer
  3180 | Sewer    | Reached skill level 1 in Polearms
  3402 | Sewer    | Reached skill level 1 in Fighting
  3800 | Sewer    | Learned a level 3 spell: Summon Guardian Golem
  4029 | D:3      | Reached XP level 6. HP: 34/43 MP: 3/10
  4384 | D:4      | Found a hazy altar of Hepliaklqana.
  4892 | D:4      | Reached skill level 6 in Summonings
  4892 | D:4      | Reached XP level 7. HP: 48/48 MP: 8/12
  5795 | D:5      | Entered Level 5 of the Dungeon
  5889 | D:5      | Reached skill level 5 in Dodging
  6204 | D:2      | You fall into a shaft and drop 1 floor!
  6810 | D:5      | Reached XP level 8. HP: 57/57 MP: 10/13
  7158 | D:5      | Reached skill level 7 in Summonings
  7407 | D:5      | Learned a level 4 spell: Summon Lightning Spire
  7835 | D:6      | Noticed a skeletal warrior
  7857 | D:6      | Killed a skeletal warrior
  7858 | D:6      | Reached skill level 5 in Polearms
  7858 | D:6      | Reached skill level 1 in Hexes
  7858 | D:6      | Reached skill level 8 in Summonings
  7858 | D:6      | Reached XP level 9. HP: 63/63 MP: 1/16
  8332 | D:6      | Reached skill level 5 in Spellcasting
  8615 | D:6      | Reached skill level 9 in Summonings
  8825 | D:6      | Found a basalt altar of Yredelemnul.
  8840 | D:6      | Killed an unseen horror
  9477 | D:7      | Found a staircase to the Ecumenical Temple.
  9490 | Temple   | Entered the Ecumenical Temple
  9611 | D:6      | Became a worshipper of Yredelemnul the Dark
  9719 | D:7      | Reached * piety under Yredelemnul
  9893 | D:7      | Reached XP level 10. HP: 70/71 MP: 15/18
 10088 | D:7      | Reached skill level 11 in Summonings
 10088 | D:7      | Reached XP level 11. HP: 81/81 MP: 18/21
 10089 | D:7      | Reached skill level 12 in Summonings
 10089 | D:7      | Reached XP level 12. HP: 91/91 MP: 18/22
 10387 | D:8      | Reached ** piety under Yredelemnul
 10399 | D:8      | Noticed a centaur warrior
 10438 | D:8      | Killed a centaur warrior
 10679 | D:8      | Reached skill level 13 in Summonings
 11364 | D:8      | Noticed Joseph
 11394 | D:8      | Killed Joseph
 11724 | D:8      | Learned a level 1 spell: Necrotise
 11737 | D:8      | Identified the +1 orcbow "Baleij" {freeze, rPois Str-2
                  | Int+4}
 11741 | D:8      | Noticed a boulder beetle
 11743 | D:8      | Noticed Maurice
 11749 | D:8      | Noticed a two-headed ogre
 11780 | D:8      | Killed a boulder beetle
 11787 | D:8      | Killed a two-headed ogre
 11788 | D:8      | Reached skill level 1 in Invocations
 11797 | D:8      | Reached *** piety under Yredelemnul
 11815 | D:8      | Killed Maurice
 11964 | D:8      | Got The Intricacies of Incantation
 11973 | D:8      | Got Odit's Notes on the Spectral Sky
 12162 | D:9      | Identified the +7 short sword "Wikag" {speed, Fly rC+
                  | rCorr}
 12267 | D:9      | Found a staircase to the Orcish Mines.
 13756 | D:10     | Entered Level 10 of the Dungeon
 14131 | D:10     | Found a stormy altar of Qazlal.
 14139 | D:10     | Noticed Urug
 14147 | D:10     | Noticed Grum
 14158 | D:10     | Killed Grum
 14166 | D:10     | Your ally Grum died
 14380 | D:10     | Reached XP level 13. HP: 92/99 MP: 24/24
 15052 | D:11     | Noticed Psyche
 15061 | D:11     | Killed Psyche
 15074 | D:11     | Your ally Psyche died
 15087 | D:11     | Noticed Erolcha
 15102 | D:11     | Killed Erolcha
 15103 | D:11     | Reached skill level 1 in Armour
 15258 | D:11     | Found a staircase to the Lair.
 15558 | D:11     | Noticed Sonja
 15576 | D:11     | Killed Sonja
 16159 | D:11     | Noticed Erica
 16167 | D:11     | Killed Erica
 16168 | D:11     | Reached skill level 15 in Polearms
 16706 | D:12     | Learned a level 4 spell: Animate Armour
 16986 | D:12     | Found Acreik's Jewellery Shop.
 17319 | D:12     | Identified a scroll of acquirement
 17320 | D:12     | Acquired a +1 bardiche of protection
 17371 | D:13     | Killed Urug
 17393 | D:13     | Your ally Urug died
 17708 | D:13     | Reached skill level 1 in Earth Magic
 18155 | D:13     | Reached skill level 10 in Fighting
 18676 | D:14     | Learned a level 6 spell: Summon Cactus Giant
 18719 | D:14     | Got the Enchiridion on Niveous Reformation
 18879 | D:14     | Found a runed translucent door.
 18887 | D:14     | Reached skill level 14 in Summonings
 18896 | D:14     | Reached XP level 14. HP: 41/111 MP: 13/26
 19083 | D:14     | Noticed Jiolyugh's ghost (journeyman GrEE)
 19119 | D:14     | Reached **** piety under Yredelemnul
 19119 | D:14     | Reached ***** piety under Yredelemnul
 19178 | D:14     | Found a broken altar of Ashenzari.
 19442 | D:14     | Reached skill level 1 in Air Magic
 19459 | D:14     | Reached skill level 10 in Dodging
 19694 | Lair:1   | Entered Level 1 of the Lair of Beasts
 19769 | Lair:1   | Upgraded the game from 0.31-a0-596-g831eee08f1 to
                  | 0.31-a0-609-g7bf6ffcfed
 20173 | Lair:1   | Found a runed translucent door.
 20173 | Lair:1   | Noticed bmack86's ghost (journeyman MiFi)
 20439 | Lair:1   | Identified the +1 chain mail of Duty {+Blink Str+2 Stlth-}
 20857 | Lair:2   | Found a hole to the Spider Nest.
 21187 | Lair:2   | Identified the ring "Equawk" {Will+ Str+3 Slay+2}
 22774 | Lair:1   | Killed bmack86's ghost
 23127 | D:14     | Reached skill level 15 in Summonings
 23932 | Lair:3   | Found a staircase to the Swamp.
 24152 | Lair:3   | Noticed Kirke
 24163 | Lair:3   | Killed Kirke
 24363 | Lair:3   | Found a broken altar of Ashenzari.
 24549 | Lair:3   | Found a runed translucent gate.
 24549 | Lair:3   | Found a runed translucent gate.
 24549 | Lair:3   | Found a runed translucent gate.
 24550 | Lair:3   | Noticed jasper's ghost (journeyman SpEE)
 24837 | Lair:3   | Found a viscous altar of Jiyva.
 24938 | Lair:3   | Reached XP level 15. HP: 59/122 MP: 2/27
 24950 | Lair:3   | HP: 6/122 [jasper's ghost/stone arrow (34)]
 24950 | Lair:3   | Killed jasper's ghost
 25353 | Lair:4   | Noticed Nessos
 25375 | Lair:4   | Killed Nessos
 25660 | Lair:4   | Your ally Nessos died
 26396 | Lair:4   | Gained mutation: You are occasionally teleported next to
                  | monsters. [potion of mutation]
 26414 | Lair:5   | Entered Level 5 of the Lair of Beasts
 26918 | Lair:5   | Found a staircase to the Slime Pits.
 26918 | Lair:5   | Found a viscous altar of Jiyva.
 26938 | Lair:5   | Reached skill level 16 in Summonings
 26957 | Lair:5   | Reached skill level 1 in Shields
 28098 | Lair:5   | Reached ****** piety under Yredelemnul
 28825 | Lair:5   | Got the Spellbook of the Gusty Voyage
 29077 | Orc:1    | Entered Level 1 of the Orcish Mines
 29410 | Orc:2    | Entered Level 2 of the Orcish Mines
 29657 | Orc:2    | Found a staircase to the Elven Halls.
 29722 | Orc:2    | Found Yschuave's Weapon Boutique.
 29990 | Orc:2    | Noticed an orc warlord
 30014 | Orc:2    | Killed an orc warlord
 30231 | Orc:2    | Reached XP level 16. HP: 66/132 MP: 21/28
 30564 | Orc:2    | Found Tofole's Assorted Antiques.
 30744 | Orc:2    | Noticed soul19's ghost (journeyman DsMo)
 30948 | Orc:2    | Found a transporter.
 31147 | Orc:2    | Found a transporter.
 31212 | Orc:2    | Found Coasm's Distillery.
 31389 | Orc:2    | Found Obochat's Antique Armour Boutique.
 31393 | Orc:2    | Found Xufytutz's Antique Weapon Shop.
 31798 | Orc:2    | Bought a potion of mutation for 120 gold pieces
 31798 | Orc:2    | Bought a potion of mutation for 120 gold pieces
 31798 | Orc:2    | Lost mutation: You are occasionally teleported next to
                  | monsters. [potion of mutation]
 31798 | Orc:2    | Gained mutation: You are agile. (Dex +4, Str/Int -1)
                  | [potion of mutation]
 31798 | Orc:2    | Gained mutation: Your system is resistant to poisons.
                  | (rPois) [potion of mutation]
 31888 | Orc:2    | Bought a pair of glowing boots for 277 gold pieces
 31982 | Orc:2    | Bought a shiny helmet for 262 gold pieces
 32174 | D:14     | Found a gate to the Vaults.
 32347 | D:14     | Reached skill level 5 in Shields
 32609 | D:14     | Killed Jiolyugh's ghost
 32683 | D:15     | Entered Level 15 of the Dungeon
 32769 | D:15     | Found a staircase to the Depths.
 34580 | D:15     | Learned a level 7 spell: Summon Hydra
 34801 | Swamp:1  | Entered Level 1 of the Swamp
 35209 | Spider:1 | Entered Level 1 of the Spider Nest
 35299 | Spider:1 | Reached skill level 15 in Fighting
 35596 | Spider:1 | Reached skill level 17 in Summonings
 35907 | Spider:1 | Noticed Mlioglotl
 35921 | Spider:1 | Killed Mlioglotl
 36008 | Spider:1 | Reached skill level 10 in Spellcasting
 36068 | Spider:1 | Your ally Mlioglotl died
 36089 | Spider:1 | Reached XP level 17. HP: 100/142 MP: 10/31
 37483 | Spider:2 | Noticed Arachne
 37533 | Spider:1 | Learned a level 5 spell: Summon Forest
 38472 | Spider:2 | Noticed Jorgrun
 38481 | Spider:2 | Killed Jorgrun
 39778 | Spider:2 | Paralysed by a jorogumo for 1 turns
 41122 | Spider:4 | Entered Level 4 of the Spider Nest
 41123 | Spider:4 | Upgraded the game from 0.31-a0-609-g7bf6ffcfed to
                  | 0.31-a0-620-gd1cbd99268
 41344 | Spider:4 | Reached skill level 18 in Summonings
 42320 | Spider:4 | Acquired the +1 pair of gloves "Feofet" {Will+ Str+4}
 42684 | Spider:4 | Reached XP level 18. HP: 152/152 MP: 33/33
 43269 | Spider:4 | Reached skill level 15 in Dodging
 43742 | Spider:4 | Got a gossamer rune of Zot
 45556 | Swamp:2  | Found a transporter.
 45556 | Swamp:2  | Noticed Xonepos's ghost (adept MiFi)
 45578 | Swamp:2  | You fall into a shaft and drop 1 floor!
 46288 | Swamp:2  | Found a transporter.
 46293 | Swamp:2  | Found a bloodstained altar of Trog.
 47154 | Swamp:4  | Entered Level 4 of the Swamp
 47538 | Swamp:4  | Reached skill level 19 in Summonings
 47564 | Swamp:4  | Reached XP level 19. HP: 83/161 MP: 6/36
 47899 | Swamp:4  | Noticed Nikola
 47915 | Swamp:4  | Killed Nikola
 48063 | Swamp:4  | Got a decaying rune of Zot
 48091 | Swamp:4  | Identified the ring "Qaxis" {rElec rPois rC+ Str+6}
 48476 | Vaults:1 | Entered Level 1 of the Vaults
 51550 | Vaults:2 | Found a portal to a secret trove of treasure.
 52232 | Vaults:2 | Found a staircase to the Crypt.
 52876 | Vaults:3 | Reached skill level 20 in Summonings
 52921 | Vaults:3 | Reached XP level 20. HP: 105/170 MP: 1/38
 54337 | Vaults:3 | Noticed Margery
 54348 | Vaults:3 | Killed Margery
 54400 | Vaults:3 | Your ally Margery died
 55020 | Vaults:4 | Found Moliv's Weapon Emporium.
 55714 | Vaults:4 | Reached skill level 21 in Summonings
 56563 | Vaults:4 | Reached XP level 21. HP: 63/180 MP: 9/39
 57172 | Elf:1    | Entered Level 1 of the Elven Halls
 57180 | Elf:1    | Paralysed by an air elemental for 1 turns
 57185 | Elf:1    | Paralysed by an air elemental for 1 turns
 57299 | Elf:1    | Found a crumbling gateway.
 57309 | Desolati | Entered the Desolation of Salt
 58056 | Desolati | Identified the ring "Essafful" {rC+ Str+6 Int-2}
 58066 | Desolati | Got Sidwau Ybargh's Incunabulum of Hapless Moulding
 58124 | Desolati | Identified the +4 battleaxe "Ozuciuva" {heavy, *Slow rPois
                  | rF- Will+++}
 58355 | Desolati | Reached skill level 1 in Translocations
 58530 | Desolati | Identified the +6 trident of the Teaching Tiger {speed,
                  | Str+3 Stlth+}
 58637 | Desolati | Identified the +4 mace of the Known World {heavy, rElec
                  | rN+++ Int-2 Stlth+}
 58854 | Desolati | Identified the +0 pair of boots of Thoughtfulness {+Inv
                  | rN++ Str-5 Dex-5}
 58964 | Desolati | Identified the +8 dire flail "Macseupte" {freeze, +Blink
                  | rC- Str+2 Int+5}
 58969 | Desolati | Identified the +0 ring mail of Living New Discoveries
                  | {Drain rC++}
 59108 | Desolati | Identified the +5 sling "Yhoffyff" {elec, rF+ rC+ Will+}
 59489 | Elf:1    | Got the Volume of the Welkin
 60212 | Elf:2    | Identified the +3 spear "Daopn" {antimagic, rPois Will+
                  | Dex-4 Stlth+}
 60264 | Elf:2    | Found a runed translucent gate.
 60265 | Elf:2    | Found a runed translucent gate.
 60265 | Elf:2    | Found a runed translucent gate.
 60315 | Elf:2    | Reached skill level 22 in Summonings
 60531 | Elf:3    | Entered Level 3 of the Elven Halls
 60777 | Elf:2    | Reached XP level 22. HP: 183/189 MP: 28/40
 60854 | Elf:2    | Found Uzown's Jewellery Shop.
 61285 | Depths:1 | Entered Level 1 of the Depths
 61483 | Depths:1 | Found a gateway to Hell.
 61679 | Depths:1 | Learned a level 7 spell: Malign Gateway
 62271 | Depths:1 | Identified the +9 falchion of Adghirgha {antimagic, rPois
                  | rF+ rN+}
 62476 | Depths:1 | Found a one-way gate leading to the halls of Pandemonium.
 64608 | Depths:3 | Noticed Boris
 64624 | Depths:3 | Killed Boris
 64866 | Depths:3 | Found Big Baal Hell's Store.
 64954 | Depths:3 | Found a glowing golden altar of the Shining One.
 64998 | Depths:3 | Found a one-way gate to the infinite horrors of the Abyss.
 65683 | Depths:3 | Paralysed by a floating eye for 4 turns
 65927 | Depths:4 | Entered Level 4 of the Depths
 66017 | Depths:3 | Noticed a caustic shrike
 66022 | Depths:3 | Killed a caustic shrike
 66954 | Depths:4 | Reached skill level 23 in Summonings
 66962 | Depths:4 | Found a one-way gateway to a ziggurat.
 67093 | Depths:4 | Reached XP level 23. HP: 177/198 MP: 41/41
 67177 | Depths:4 | Found a gate to the Realm of Zot.
 68592 | Elf:3    | Identified the amulet "Pybev" {Faith rPois rN+ Str-5}
 68662 | Elf:3    | Found Yclexexu's Jewellery Emporium.
 68672 | Elf:3    | Bought the ring "Nuighoeq" {Fire rN++ MP+9} for 1043 gold
                  | pieces
 69301 | Elf:3    | Reached skill level 5 in Translocations
 70658 | Elf:3    | Identified the +1 pair of gloves of the Dancing Gods {rC+
                  | MP-9 Int+3}
 70668 | Elf:3    | Identified the +5 scale mail of Beyond {rElec Int+6}
 70697 | Elf:3    | Identified the +7 glaive of the Fifty Moons {flame, rElec
                  | rC+ Dex+3}
 70809 | Elf:3    | Identified the +6 long sword "Geud" {spect, Drain *Slow
                  | rPois rN++}
 71510 | Vaults:5 | Entered Level 5 of the Vaults
 71510 | Vaults:5 | Noticed a golden dragon
 71521 | Vaults:5 | HP: 7/198 [vault guard/+0 war axe (13)]
 71521 | Vaults:5 | HP: 3/198 [vault guard/+0 bardiche (4)]
 71522 | Vaults:5 | Slain by a vault guard

Illustrated notes

Levels and vault maps discovered:
D:1:      psy_arrival_radial01, layout_basic
D:2:      layout_basic, basic_altar, hellmonk_ecumenical_altar_lost_god
D:3:      layout_basic, mainiacjoe_overflow_cross_hatched,
          cheibrodos_sewer_entry_bend
D:4:      layout_loops_ring, mainiacjoe_overflow_surrounded_room
D:5:      layout_basic, serial_co_window_serial, co_window_corner_a,
          co_window_corner_a, co_window_paths_b, co_window_of_opportunity_a,
          co_window_corner_a, co_window_of_opportunity_b, co_window_corner_b,
          co_window_broadway_a, co_window_corner_ca, co_window_corner_b,
          co_window_paths_d, co_window_paths_e, glass_columns_b,
          glass_columns_a, grunt_tough_drop
D:6:      cheibrodos_two_vegetables, layout_basic, lemuel_coloured_pillars_altar
D:7:      layout_rooms, temple_green
D:8:      layout_basic, minmay_the_grid_2x2 [minmay_the_grid_slots,
          minmay_the_grid_rooms, minmay_the_grid_armoury,
          minmay_the_grid_prize_four_corners_diamond_a], uniq_joseph,
          uniq_maurice
D:9:      layout_loops_corners, david_orc_1_choice, enter_bailey_3
D:10:     layout_stronghold, grunt_qazlal_sundering, billiards_dpeg, uniq_grum,
          uniq_urug
D:11:     layout_long_grid, erik_lair_orcish_takeover, uniq_sonja, uniq_erolcha,
          uniq_erica, uniq_psyche
D:12:     layout_long_grid, serial_shops, nicolae_shop_tiny_statue_garden,
          kennysheep_generic_room_9
D:13:     layout_rooms
D:14:     layout_basic, david_vaults_5, ebering_ghost_reflecting_pool,
          nicolae_ashenzari_skybound
D:15:     gammafunk_depths_entry_grave, layout_small_grid,
          hangedman_decor_points, minivault_8
Temple:   dpeg_three_leaves_temple
Lair:1:   layout_roguey, gammafunk_ghost_grave, grunt_megastairs_2,
          infiniplex_staircase_pool
Lair:2:   layout_gridlike, nicolae_spider_entry_orb_guardian
Lair:3:   layout_regular_city, nicolae_swamp_entry_splash_gauntlet, basic_altar,
          gammafunk_ghost_ooze, uniq_kirke
Lair:4:   layout_hall_layers, uniq_nessos
Lair:5:   grunt_lair_end_beastmaster, layout_cave_pods,
          minmay_slime_entry_jelly_boxes, ldierk_geyser
Swamp:1:  layout_basic_swamp, hangedman_swamp_ruin_hall
Swamp:2:  nicolae_swamp_secret_spriggan_hideout, layout_falls_marsh,
          gammafunk_ghost_wrathful_warriors, nicolae_swamp_tree_isthmus
Swamp:3:  layout_basic_swamp, evilmike_swamp_ruin_house_1
Swamp:4:  swamp, layout_basic_swamp, uniq_nikola
Spider:1: nicolae_spider_brood_tunnel, nicolae_spider_solar_radiation,
          uniq_mlioglotl
Spider:2: layout_spider_delve, uniq_arachne, uniq_jorgrun
Spider:3: layout_spider_delve
Spider:4: hellmonk_spider_rune_endless_swarm
Orc:1:    layout_diamond_mine
Orc:2:    grunt_orc_community_town_hall, layout_caves,
          grunt_orc_community_big_house_2, grunt_orc_community_big_house_1,
          grunt_orc_community_house_1, grunt_orc_community_house_3,
          grunt_orc_community_house_1, grunt_orc_community_house_1,
          grunt_orc_community_house_3, grunt_orc_community_house_3,
          gammafunk_ghost_berserking_beasts, basic_altar, serial_shops,
          nicolae_shop_bloodbath_and_beyond, minmay_orc_barracks
Elf:1:    eino_elf_arrival_shootout, layout_geoelf_octagon,
          portal_desolation_entry_salt, hangedman_elf_disciples,
          nicolae_elf_shapeshifter_party
Elf:2:    nicolae_elf_blades_crystal_corner, layout_loops_cross, serial_shops,
          shop, grunt_ministairs_3, nicolae_elevator_lobby_asterisk
Elf:3:    minmay_elf_hall_four_x, layout_geoelf_octagon, serial_shops,
          nicolae_shop_hallway_plus, st_stairs_10
Vaults:1: v_misc_17, v_misc_2, ontoclasm_vaults_idyll, vaults_mumra_chevron,
          nicolae_vaults_wine_cellar, nicolae_vaults_stepped_doors,
          nicolae_vaults_closet_pinwheel_5, nicolae_vaults_double_plus_2,
          nicolae_vaults_shelves_hall, layout_vaults_quadrants
Vaults:2: v_misc_27, minmay_crypt_entry_simple_box, hangedman_vaults_nodes,
          nicolae_vaults_angled_halls, nicolae_vaults_shelves_hall,
          vaults_mumra_lcd, v_misc_14, nicolae_vaults_trapezoid_lopsided_1,
          nicolae_vaults_diffraction_hallways, layout_vaults_chaotic_city,
          enter_trove_5
Vaults:3: nicolae_vaults_little_squares_2, nicolae_vaults_twisting_passages,
          nicolae_vaults_network_square, grunt_vaults_trifunnel,
          vaults_room_octagon, vaults_mumra_chevron_long,
          ontoclasm_vaults_ring_square, nicolae_vaults_storage_closets_3,
          hangedman_vaults_cutoff, nicolae_vaults_shipping_containers_3,
          nicolae_vaults_heart-shaped_vault, nicolae_vaults_trapezoid_layered,
          layout_vaults_maze_bifur, uniq_margery
Vaults:4: nicolae_vaults_mitosis, v_alt_pattern_3, vaults_room_fours,
          nicolae_vaults_diagonal_hallway_8, ontoclasm_vaults_hangar,
          hangedman_vaults_variations, v_misc_17, vaults_standard_mumra_x,
          vaults_room_pool, v_misc_2, st_spiral_rooms,
          nicolae_vaults_taking_the_gang_shopping, layout_vaults_ring
Vaults:5
Depths:1: layout_gridville, grunt_pan_entry_spiral, hangedman_coc_ice_floe,
          grunt_decor_junction, skrybe_limestone_x, minmay_protected_statue
Depths:2: cheibrodos_tormentor_scu, layout_gridlike, lightli_too_deep,
          rand_demon_pan_entry_3, grunt_ministairs_15, lemuel_another_geyser
Depths:3: minmay_diamond_stairs, layout_honeycomb,
          nicolae_hell_entry_big_baal_hell, tso_metal_star, abyss_entry,
          dispersion_dpeg, uniq_boris
Depths:4: grunt_zot_entry_bicorn, layout_basic, enter_ziggurat_f, moated_statue,
          hell_entry, rand_demon_pan_entry_7

Skill      XL: |  1  2  3  4  5  6  7  8  9 10 11 12 13 14 15 16 17 18 19 20 21 22 23 |
---------------+----------------------------------------------------------------------+-----
Dodging        | 3 4 5 8 9 11 12 13 14 15 16 17 18 19 | 19.4
Stealth        | 3 |  3.0
Summonings     | 5 6 8 9 11 12 13 14 15 16 17 18 19 20 21 22 23 | 23.9
Polearms       | 1 2 3 5 7 9 12 14 15 16 18 19 | 19.9
Fighting       | 1 2 3 6 7 8 10 12 14 15 16 17 18 19 20 | 20.6
Spellcasting   | 3 4 5 7 8 10 11 13 14 | 14.0
Hexes          | 1 2 3 |  3.0
Invocations    | 3 4 |  4.0
Armour         | 1 3 |  3.0
Earth Magic    | 1 2 |  2.3
Air Magic      | 1 2 3 |  3.0
Shields        | 4 5 8 9 |  9.0
Translocations | 1 4 5 |  5.4
Maces & Flails | |  0.3
Staves         | |  0.2

Action                     |  1- 3 |  4- 6 |  7- 9 | 10-12 | 13-15 | 16-18 | 19-21 | 22-24 || total
---------------------------+-------+-------+-------+-------+-------+-------+-------+-------++-------
  Melee: Whip              |   157 |     6 |       |       |       |       |       |       ||   163
         Punch             |     1 |     3 |     3 |     1 |       |       |       |       ||     8
         Staff             |       |   219 |    82 |       |       |       |       |       ||   301
         Tailslap          |       |     3 |       |       |       |    19 |     2 |       ||    24
         Trident           |       |       |   160 |    51 |   510 |  1396 |   594 |       ||  2711
         Halberd           |       |       |       |   312 |   136 |       |       |       ||   448
         Bardiche          |       |       |       |       |   306 |       |       |       ||   306
         Demon trident     |       |       |       |       |       |       |   711 |   710 ||  1421
   Cast: Summon Small Mamm |    15 |    12 |     9 |     1 |     1 |       |       |       ||    38
         Call Imp          |    10 |    31 |    23 |    14 |     6 |     4 |     2 |       ||    90
         Call Canine Famil |     2 |    14 |    27 |    18 |    31 |     8 |       |       ||   100
         Summon Guardian G |       |     1 |    21 |    26 |    29 |     1 |       |       ||    78
         Summon Lightning  |       |       |     1 |     8 |    21 |     7 |     3 |     3 ||    43
         Necrotise         |       |       |       |     1 |     2 |     3 |       |       ||     6
         Animate Armour    |       |       |       |       |    20 |     7 |     1 |       ||    28
         Summon Cactus Gia |       |       |       |       |    63 |    43 |     3 |       ||   109
         Summon Hydra      |       |       |       |       |       |   119 |   123 |    42 ||   284
         Summon Forest     |       |       |       |       |       |    12 |    17 |    18 ||    47
         Malign Gateway    |       |       |       |       |       |       |       |     9 ||     9
 Invoke: Recall Undead Har |       |       |       |     3 |     3 |     3 |       |     1 ||    10
         Dark Bargain      |       |       |       |       |     2 |     3 |       |     1 ||     6
         Bind Soul         |       |       |       |       |     1 |     1 |     1 |     1 ||     4
  Evoke: Wand              |       |       |       |     1 |       |       |       |     2 ||     3
    Use: Scroll            |     1 |     7 |     6 |     7 |    19 |    16 |     6 |    13 ||    75
         Potion            |       |     2 |     3 |     5 |     8 |    12 |     6 |     7 ||    43
   Stab: Sleeping          |     6 |     7 |    10 |    11 |    16 |    20 |    35 |     8 ||   113
         Distracted        |     1 |     4 |     3 |     5 |    28 |    41 |    39 |    27 ||   148
         Invisible         |       |       |       |       |       |       |     7 |       ||     7
 Armour: Robe              |    64 |    75 |    59 |    34 |   262 |   374 |   122 |    52 ||  1042
         Leather armour    |       |       |       |    24 |    26 |       |       |       ||    50
         Scale mail        |       |       |       |       |       |       |       |    17 ||    17
  Dodge: Dodged            |   120 |   190 |   151 |   162 |   596 |   963 |   561 |   347 ||  3090
  Block: Kite shield       |       |       |       |       |   174 |   679 |   426 |   301 ||  1580
         Reflection        |       |       |       |       |     4 |    11 |    25 |    24 ||    64

Table legend: (Time is in decaauts)
 A = Elapsed time spent in this place.
 B = Non-inter-level travel time spent in this place.
 C = Inter-level travel time spent in this place.
 D = Time resting spent in this place.
 E = Time spent auto-exploring this place.
 F = Levels seen in this place.
 G = Mean time per level.
                   A        B        C        D        E       F      G
               +--------+--------+--------+--------+--------+-----+--------+
         Total |  75799 |  69641 |   6158 |    472 |  57747 |  45 | 1684.4 |
       Dungeon |  24788 |  21931 |   2857 |      0 |  18014 |  15 | 1652.5 |
        Temple |     33 |      8 |     25 |      0 |      8 |   1 |   33.0 |
          Lair |   9883 |   8744 |   1139 |    233 |   7451 |   5 | 1976.6 |
         Swamp |   4500 |   4272 |    228 |      0 |   3732 |   4 | 1125.0 |
   Spider Nest |   8500 |   8190 |    310 |     81 |   6785 |   4 | 2125.0 |
  Orcish Mines |   3508 |   3195 |    313 |     87 |   2429 |   2 | 1754.0 |
   Elven Halls |   5453 |   5050 |    403 |      0 |   4165 |   3 | 1817.7 |
        Vaults |   9332 |   8813 |    519 |      0 |   7501 |   5 | 1866.4 |
        Depths |   6923 |   6563 |    360 |     71 |   5516 |   4 | 1730.8 |
         Sewer |    745 |    745 |      0 |      0 |    527 |   1 |  745.0 |
    Desolation |   2129 |   2129 |      0 |      0 |   1614 |   1 | 2129.0 |
               +--------+--------+--------+--------+--------+-----+--------+

Top non-repeatable levels by time:
   Orc:2: 3103 daAuts
   Elf:2: 2832 daAuts
  Lair:3: 2799 daAuts
Spider:4: 2714 daAuts
    D:14: 2699 daAuts
Vaults:3: 2654 daAuts
Spider:2: 2580 daAuts
     D:6: 2547 daAuts
Spider:1: 2342 daAuts
Vaults:4: 2259 daAuts
Vaults:1: 2240 daAuts
  Lair:5: 2234 daAuts
Vaults:2: 2168 daAuts
Desolation: 2129 daAuts
Depths:2: 2079 daAuts
